 Dungeon Sprint DCSS version 0.17-a0-755-g4391640 (webtiles) character file.

16333728 Trafet the Intangible (level 21, 244/244 HPs)
             Began as a Deep Dwarf Gladiator on Apr 22, 2015.
             Was the Champion of Makhleb.
             Escaped with the Orb
             ... and 5 runes!
             The game lasted 00:59:13 (9996 turns).

Trafet the Intangible (Deep Dwarf Gladiator)        Turns: 9996, Time: 00:59:13

Health: 244/244    AC: 44    Str: 28      XL:     21   Next: 94%
Magic:  0/45       EV: 40    Int:  3 (12) God:    Makhleb [******]
Gold:   874        SH:  0    Dex: 24 (27) Spells: 0 memorised, 71 levels left

rFire  + + .     SeeInvis +     R - +3 lajatang (speed)
rCold  . . .     Clarity  .     J - +10 pearl dragon armour
rNeg   + + +     SustAb   .     (no shield)
rPois  +         Gourm    .     c - +2 helmet
rElec  +         Spirit   +     L - +0 cloak "Wiuho" {Slay+2 SInv} (curse)
rCorr  .         Warding  .     v - +0 pair of gloves of the Evening Star {rC+}
rMut   .         NoTele   +     I - +1 pair of boots
MR     +++..                    C - amulet "Papifuab" {Spirit rF+ rN++}
Stlth  +++.......               w - ring "Faraitz" {Fire rPois rN+ Dex+9}
                                u - ring "Waopn" {+Fly rElec EV+5 Str+7}

@: non-regenerating, extremely resistant to hostile enchantments, fairly
stealthy
A: damage resistance, recharge devices, clever 1, clumsy 1, low mp 1, negative
energy resistance 1, sense surroundings 3, slow healing 3
a: Device Recharging, Minor Destruction, Lesser Servant of Makhleb, Major
Destruction, Greater Servant of Makhleb, Renounce Religion, Evoke Flight
0: Orb of Zot
}: 5/15 runes: decaying, serpentine, barnacled, silver, gossamer


You escaped.
You worshipped Makhleb.
Makhleb was exalted by your worship.
You were not hungry.

You visited 1 branch You collected 1919 gold pieces.
You spent 1045 gold pieces at shops.

Inventory:

Hand weapons
 l - a +5 triple sword of protection
 s - a +6 quarterstaff of speed
 O - the +5 triple sword "Nocufur" {slice, MR++}
   (You found it in the Dungeon)

   It inflicts extra damage upon your enemies.
   It affects your resistance to hostile enchantments.
 Q - a +2 demon whip of electrocution
 R - a +3 lajatang of speed (weapon)
 S - a +2 eudemon blade of holy wrath
Armour
 c - a +2 helmet (worn)
 v - the +0 pair of gloves of the Evening Star (worn) {rC+}
   (You found it in the Dungeon)

   It protects you from cold.
 I - a +1 pair of boots (worn)
 J - a +10 pearl dragon armour (worn)
 L - the cursed +0 cloak "Wiuho" (worn) {Slay+2 SInv}
   (You found it in the Dungeon)

   It affects your accuracy and damage with ranged weapons and melee attacks
   (+2).
   It enhances your eyesight.
   It has a curse placed upon it.
 N - a fire dragon hide
 U - a +0 large shield
Magical staves
 r - an uncursed staff of energy
Jewellery
 b - an uncursed amulet of stasis
 k - an uncursed ring of poison resistance
 u - the ring "Waopn" (left hand) {+Fly rElec EV+5 Str+7}
   (You found it in the Dungeon)

   [ring of evasion]

   It affects your evasion (+5).
   It affects your strength (+7).
   It insulates you from electricity.
   It lets you fly.
 w - the ring "Faraitz" (right hand) {Fire rPois rN+ Dex+9}
   (You found it in the Dungeon)

   [ring of fire]

   It enhances your fire magic, and weakens your ice magic.
   It affects your dexterity (+9).
   It protects you from fire.
   It makes you vulnerable to cold.
   It protects you from poison.
   It protects you from negative energy.
 z - an uncursed ring of see invisible
 C - the amulet "Papifuab" (around neck) {Spirit rF+ rN++}
   (You found it in the Dungeon)

   [amulet of guardian spirit]

   It causes incoming damage to be split between your health and magic.
   It protects you from fire.
   It greatly protects you from negative energy.
 D - a ring "Astroc" {Int+3 Dex+4 SInv Stlth+}
   (You found it in the Dungeon)

   [ring of intelligence]

   It affects your intelligence (+3).
   It affects your dexterity (+4).
   It enhances your eyesight.
   It makes you more stealthy.
 E - an uncursed amulet of guardian spirit
 F - an uncursed ring of protection from cold
 G - an uncursed ring of protection from cold
 K - the amulet of Mizon {-Tele rC++ Regen+}
   (You found it in the Dungeon)

   [amulet of regeneration]

   It greatly protects you from cold.
   It prevents most forms of teleportation.
   It increases your rate of regeneration.
Magical devices
 d - a wand of hasting (5)
 e - a wand of heal wounds (4)
 h - a wand of disintegration (7)
 m - a wand of hasting (4)
 q - a wand of fire (7)
 x - a wand of hasting (2)
 X - a wand of teleportation (4)
Scrolls
 o - 5 scrolls of remove curse
 p - 2 scrolls of amnesia
 y - 5 scrolls of fear
 M - a scroll of identify
 V - 2 scrolls of fog
 W - a scroll of recharging
Potions
 i - 4 potions of brilliance
 j - 4 potions of magic
 n - a potion of invisibility
 t - 2 potions of berserk rage
 H - 2 potions of cure mutation
 P - 3 potions of agility
Comestibles
 f - 9 bread rations
 A - 39 fruits
 B - 12 meat rations


   Skills:
 O Level 27 Fighting
 + Level 24.0 Long Blades
 O Level 27 Staves
 + Level 14.5 Throwing
 O Level 27 Armour
 O Level 27 Dodging
 O Level 27 Stealth
 + Level 23.1 Shields
 - Level 12.6 Unarmed Combat
 + Level 25.9 Spellcasting
 O Level 27 Invocations
 O Level 27 Evocations


You had 71 spell levels left.
You didn't know any spells.

Dungeon Overview and Level Annotations

Branches:
Dungeon (1/1)

Altars:
Cheibriados
Dithmenos
Elyvilon
Fedhas
Gozag
Kikubaaqudgha
Makhleb
Nemelex Xobeh
Okawaru
Qazlal
Ru
Sif Muna
Trog
Vehumet
Xom
Yredelemnul
Zin
The Shining One
Beogh
Jiyva
Lugonu

Shops:
D (*=*


Innate Abilities, Weirdness & Mutations

You are resistant to damage.
You can recharge devices by infusing magical energy.
You resist negative energy.
You passively map a large area around you.
You do not heal naturally.
Your mind is acute. (Int +2)
You are clumsy. (Dex -2)
Your magical capacity is low (-10% MP).


Message History

You hit the sun demon.
The sun demon is almost dead.
You hit the sun demon but do no damage.
The sun demon is almost dead.
The sun demon misses you.
You slash the sun demon!
The sun demon is almost dead.
You chop the sun demon into pieces!!!
You kill the sun demon!
Makhleb accepts your kill.
Your Long Blades skill increases to level 24!
No target in view!
No target in view!
(D) Dungeon
Where to? (Enter - D @ (x,y), ? - help)
There is an open door to the Dungeon, spattered with blood here.
You see here a stone.
You see here a stone.
There is a staircase leading out of the dungeon here.
You have escaped!

▓▓▓▓▓▓▓▓▓▓▓▓▓▓▓▓▓▓
...▓...▓.)[▓...▓@▓
.▓.▓.▓(▓.▓.▓.▓.▓.▓
.▓.▓.▓.▓.▓.▓.▓.▓.▓
.▓.▓.▓.▓.▓.▓.▓.▓.▓
.▓.▓.▓.▓.▓.▓.▓.▓(▓
.▓.▓.▓.▓.▓.▓.▓.▓(▓
.▓.▓.▓.▓.▓.▓.▓.▓)▓
.▓.▓.▓.▓.▓.▓'▓.▓)▓
.▓.▓.▓.▓.▓.▓.▓.▓.▓


There were no monsters in sight!

Vanquished Creatures
  3 seraphim (D)
  3 orbs of fire (D)
  2 ancient liches (D)
  Mennas (D)
  Boris (D)
  Frederick (D)
  Margery (D)
  Norris (D)
  Saint Roka (D)
  9 pandemonium lords (D)
  Nikola (D)
  4 golden dragons (D)
  Jory (D)
  Xtahua (D)
  3 bone dragons (D)
  4 Brimstone Fiends (D)
  2 electric golems (D)
  40 Orb Guardians (D)
  3 tentacled monstrosities (D)
  3 Hell Sentinels (D)
  5 Ice Fiends (D)
  A sphinx (D)
  6 liches (D)
  A quicksilver dragon (D)
  2 Executioners (D)
  A Shadow Fiend (D)
  9 shadow dragons (D)
  A player illusion (D)
  2 storm dragons (D)
  2 daevas (D)
  Ilsuiw (D)
  7 greater nagas (D)
  2 chaos champions (D)
  3 balrugs (D)
  2 draconian knights (D)
  2 draconian scorchers (D)
  Louise (D)
  A ghost moth (D)
  2 fire giants (D)
  2 draconian zealots (D)
  8 emperor scorpions (D)
  A draconian shifter (D)
  2 cacodemons (D)
  6 angels (D)
  A draconian annihilator (D)
  2 ironheart preservers (D)
  3 draconian callers (D)
  2 stone giants (D)
  3 lorocyprocas (D)
  3 green draconians (D)
  A black draconian (D)
  3 purple draconians (D)
  5 red draconians (D)
  3 white draconians (D)
  4 yellow draconians (D)
  2 black suns (D)
  A mottled draconian (D)
  2 blizzard demons (D)
  5 vampire knights (D)
  An ettin (D)
  3 merfolk javelineers (D)
  25 vault guards (D)
  7 fire dragons (D)
  An entropy weaver (D)
  3 green deaths (D)
  5 merfolk impalers (D)
  A great orb of eyes (D)
  6 hydras (D)
  3 death cobs (D)
  4 yaktaur captains (D)
  An ice dragon (shapeshifter) (D)
  2 naga warriors (D)
  5 ice dragons (D)
  2 monstrous demonspawn (D)
  A centaur warrior (D)
  An ogre mage (D)
  2 hell beasts (D)
  3 merfolk avatars (D)
  Erica (D)
  3 merfolk aquamancers (D)
  3 salamander stormcallers (D)
  7 orc high priests (D)
  A deep troll shaman (D)
  A death yak (D)
  2 deep troll earth magi (D)
  A vampire mage (D)
  A shock serpent (D)
  11 sun demons (D)
  Sonja (D)
  3 hell knights (D)
  3 soul eaters (D)
  A salamander mystic (D)
  A death drake (D)
  7 cherubim (D)
  An ice devil (D)
  4 ironbrand convokers (D)
  A torturous demonspawn (D)
  5 swamp dragons (D)
  A shambling mangrove (D)
  An infernal demonspawn (D)
  A flayed ghost (D)
  2 giant orange brains (D)
  A sea snake (D)
  8 orc knights (D)
  4 hill giants (D)
  A necromancer (D)
  A shining eye (shapeshifter) (D)
  2 hornets (D)
  An orc sorcerer (D)
  4 wolf spiders (D)
  A manticore (D)
  4 griffons (D)
  3 ugly things (D)
  3 cyclopes (D)
  A siren (D)
  11 moths of wrath (D)
  A guardian serpent (D)
  7 sixfirhies (D)
  3 black mambas (D)
  3 naga magi (D)
  2 smoke demons (D)
  7 orange demons (D)
  2 hellions (D)
  4 rust devils (D)
  3 spiny frogs (D)
  An efreet (D)
  11 hellwings (D)
  A demonic crawler (D)
  4 vault sentinels (D)
  2 tormentors (D)
  2 yaktaurs (D)
  A red draconian skeleton (D)
  8 red devils (D)
  4 blue devils (D)
  A jumping spider (D)
  4 freezing wraiths (D)
  A fire drake (shapeshifter) (D)
  A tengu conjurer (D)
  A fire vortex (D)
  A small abomination (D)
  3 slime creatures (D)
  2 merfolk (D)
  2 blink frogs (D)
  2 trapdoor spiders (D)
  A snapping turtle (D)
  A wyvern (D)
  A deep elf mage (D)
  Eustachio (D)
  2 ynoxinuls (D)
  Grum (D)
  3 chaos spawn (D)
  2 wraiths (D)
  A yak (D)
  7 wolves (D)
  4 vampire mosquitoes (D)
  2 hippogriffs (D)
  A neqoxec (D)
  5 nagas (D)
  A hell hound (D)
  3 hungry ghosts (D)
  2 swamp drakes (D)
  3 wargs (D)
  A porcupine (D)
  2 phantoms (D)
  2 ice beasts (D)
  2 spiders (D)
  4 large abominations (D)
  3 wasps (D)
  17 orc warriors (D)
  A centaur (D)
  A boggart (D)
  3 giant frogs (D)
  A wight (D)
  A quasit (D)
  2 crimson imps (D)
  A hound (D)
  2 iron imps (D)
  5 orc wizards (D)
  A worker ant (D)
  An iguana (D)
  An orc priest (D)
  2 river rats (D)
  2 shadow imps (D)
  2 white imps (D)
  2 ufetubi (D)
  A giant gecko (D)
  10 orcs (D)
  2 bat skeletons (D)
  A goblin (D)
  A ball python (D)
  2 giant newts (D)
  4 kobolds (D)
  A rat (D)
585 creatures vanquished.

Vanquished Creatures (others)
  A pandemonium lord (D)
  2 ogre magi (D)
  A shadow wraith (D)
  A naga ritualist (D)
  A hornet (D)
  A hellwing (D)
  A fire vortex (D)
  A wraith (D)
  A hungry ghost (D)
  A vampire mosquito (D)
  An adder zombie (D)
  3 plants (D)
15 creatures vanquished.

Grand Total: 600 creatures vanquished

Notes
Turn   | Place    | Note
--------------------------------------------------------------
     0 | D        | Trafet, the Deep Dwarf Gladiator, began the quest for the Orb.
     0 | D        | Reached XP level 1. HP: 19/19 MP: 1/1
    14 | D        | Reached skill level 4 in Staves
    19 | D        | Noticed a hound
    28 | D        | Reached XP level 2. HP: 20/26 MP: 2/2
    32 | D        | Killed a hound
    32 | D        | Reached skill level 6 in Staves
    32 | D        | Reached XP level 3. HP: 22/32 MP: 3/3
    39 | D        | Found a glowing silver altar of Zin.
    39 | D        | Found a glowing golden altar of the Shining One.
    39 | D        | Found an ancient bone altar of Kikubaaqudgha.
    39 | D        | Found a basalt altar of Yredelemnul.
    39 | D        | Found a shimmering altar of Xom.
    39 | D        | Found a radiant altar of Vehumet.
    39 | D        | Found an iron altar of Okawaru.
    40 | D        | Found a burning altar of Makhleb.
    41 | D        | Found a deep blue altar of Sif Muna.
    42 | D        | Found a bloodstained altar of Trog.
    43 | D        | Found a sparkling altar of Nemelex Xobeh.
    44 | D        | Found a white marble altar of Elyvilon.
    45 | D        | Found a roughly hewn altar of Beogh.
    46 | D        | Found a viscous altar of Jiyva.
    47 | D        | Found a corrupted altar of Lugonu.
    48 | D        | Found a blossoming altar of Fedhas.
    49 | D        | Became a worshipper of Makhleb the Destroyer
    50 | D        | Found a snail-covered altar of Cheibriados.
    51 | D        | Found a shadowy altar of Dithmenos.
    52 | D        | Found a stormy altar of Qazlal.
    53 | D        | Found an opulent altar of Gozag.
    54 | D        | Found a sacrificial altar of Ru.
    97 | D        | Noticed an orc warrior
    97 | D        | Noticed an ice beast
    97 | D        | Noticed an orc warrior
   105 | D        | Killed an orc warrior
   105 | D        | Acquired Makhleb's first power
   105 | D        | Reached skill level 9 in Staves
   105 | D        | Reached XP level 4. HP: 26/39 MP: 4/4
   116 | D        | Killed an ice beast
   116 | D        | Reached skill level 10 in Staves
   116 | D        | Reached XP level 5. HP: 34/45 MP: 5/5
   127 | D        | Killed an orc warrior
   127 | D        | Reached skill level 12 in Staves
   127 | D        | Reached XP level 6. HP: 32/52 MP: 6/6
   129 | D        | Acquired Makhleb's second power
   238 | D        | Noticed an ice beast
   238 | D        | Noticed a hungry ghost
   238 | D        | Noticed a hill giant
   238 | D        | Noticed a giant frog
   238 | D        | Noticed a slime creature
   238 | D        | Noticed a deep elf mage
   244 | D        | Killed an ice beast
   252 | D        | Killed a hungry ghost
   252 | D        | Acquired Makhleb's third power
   252 | D        | Reached skill level 13 in Staves
   259 | D        | Killed a hill giant
   259 | D        | Reached skill level 15 in Staves
   259 | D        | Reached XP level 7. HP: 43/58 MP: 7/7
   270 | D        | Killed a slime creature
   270 | D        | Reached XP level 8. HP: 48/66 MP: 8/8
   273 | D        | Killed a giant frog
   273 | D        | Acquired Makhleb's fourth power
   282 | D        | Killed a deep elf mage
   282 | D        | Reached skill level 16 in Staves
   393 | D        | Noticed a giant frog
   393 | D        | Noticed a spiny frog
   393 | D        | Noticed a wolf
   393 | D        | Noticed a black mamba
   393 | D        | Noticed a porcupine
   393 | D        | Noticed an iguana
   401 | D        | Noticed a blink frog
   404 | D        | Killed a spiny frog
   406 | D        | Killed a giant frog
   407 | D        | Noticed a hippogriff
   415 | D        | Killed a wolf
   415 | D        | Reached skill level 17 in Staves
   422 | D        | Killed a black mamba
   422 | D        | Acquired Makhleb's fifth power
   422 | D        | Gained mutation: You passively map the area around you. [Deep Dwarf growth]
   422 | D        | Reached XP level 9. HP: 73/73 MP: 9/9
   425 | D        | Killed a porcupine
   434 | D        | Killed a blink frog
   434 | D        | Reached skill level 18 in Staves
   441 | D        | Killed an iguana
   459 | D        | Killed a hippogriff
   459 | D        | Reached skill level 1 in Armour
   466 | D        | Noticed a black mamba
   466 | D        | Noticed a griffon
   466 | D        | Noticed a death yak
   466 | D        | Noticed a blink frog
   466 | D        | Noticed a spiny frog
   466 | D        | Noticed a griffon
   475 | D        | Noticed a yak
   477 | D        | Killed a black mamba
   484 | D        | Killed a blink frog
   484 | D        | Reached skill level 5 in Dodging
   493 | D        | Killed a griffon
   496 | D        | Noticed a hippogriff
   512 | D        | Killed a death yak
   512 | D        | Reached skill level 5 in Fighting
   512 | D        | Reached skill level 5 in Armour
   512 | D        | Reached XP level 10. HP: 65/88 MP: 10/10
   523 | D        | Killed a spiny frog
   537 | D        | Killed a griffon
   544 | D        | Killed a yak
   547 | D        | Killed a hippogriff
   569 | D        | Noticed a wolf
   569 | D        | Noticed a warg
   569 | D        | Noticed a wolf
   569 | D        | Noticed a warg
   569 | D        | Noticed a warg
   570 | D        | Noticed a wolf
   575 | D        | Killed a warg
   576 | D        | Noticed a hell hound
   579 | D        | Killed a warg
   581 | D        | Noticed a wolf
   585 | D        | Killed a warg
   590 | D        | Killed a wolf
   605 | D        | Killed a hell hound
   612 | D        | Killed a wolf
   617 | D        | Killed a wolf
   619 | D        | Killed a wolf
   740 | D        | Noticed an orc warrior
   740 | D        | Noticed an orc wizard
   740 | D        | Noticed an orc warrior
   740 | D        | Noticed an orc wizard
   740 | D        | Noticed an orc priest
   740 | D        | Noticed an orc warrior
   740 | D        | Noticed an orc wizard
   747 | D        | Killed an orc warrior
   748 | D        | Noticed an orc warrior
   756 | D        | Killed an orc warrior
   756 | D        | Reached skill level 19 in Staves
   757 | D        | Noticed an ettin
   759 | D        | Killed an orc wizard
   763 | D        | Killed an orc wizard
   768 | D        | Noticed an orc wizard
   773 | D        | Killed an orc warrior
   782 | D        | Killed an orc warrior
   785 | D        | Killed an orc priest
   801 | D        | Killed an ettin
   802 | D        | Killed an orc wizard
   812 | D        | Killed an orc wizard
   848 | D        | Noticed an orc warrior
   848 | D        | Noticed an orc high priest
   848 | D        | Noticed an orc warrior
   848 | D        | Noticed an orc warrior
   848 | D        | Noticed an orc warrior
   848 | D        | Noticed an orc warrior
   848 | D        | Noticed an orc warrior
   856 | D        | Killed an orc warrior
   857 | D        | Noticed an orc wizard
   858 | D        | Noticed an orc sorcerer
   873 | D        | Noticed an orc knight
   876 | D        | Killed an orc high priest
   876 | D        | Reached skill level 10 in Dodging
   876 | D        | Reached XP level 11. HP: 103/103 MP: 11/11
   878 | D        | Noticed an orc warrior
   880 | D        | Killed an orc warrior
   890 | D        | Killed an orc warrior
   896 | D        | Killed an orc warrior
   905 | D        | Killed an orc sorcerer
   939 | D        | Killed an orc knight
   946 | D        | Killed an orc warrior
   946 | D        | Reached skill level 10 in Armour
   960 | D        | Killed an orc warrior
   963 | D        | Killed an orc warrior
   967 | D        | Killed an orc wizard
  1004 | D        | Found Rolixyfe's Weapon Emporium.
  1004 | D        | Noticed an orc high priest
  1004 | D        | Noticed an orc knight
  1004 | D        | Noticed an orc knight
  1004 | D        | Noticed an orc knight
  1004 | D        | Noticed an orc high priest
  1004 | D        | Noticed an orc knight
  1015 | D        | Killed an orc high priest
  1016 | D        | Found Gecick's Assorted Antiques.
  1016 | D        | Noticed an orc high priest
  1024 | D        | Killed an orc knight
  1036 | D        | Killed an orc knight
  1037 | D        | Noticed an orc high priest
  1049 | D        | Killed an orc knight
  1050 | D        | Found Bisuchet's Jewellery Emporium.
  1059 | D        | Noticed an orc knight
  1066 | D        | Noticed a soul eater
  1110 | D        | Killed an orc high priest
  1134 | D        | Killed an orc high priest
  1134 | D        | Reached skill level 10 in Fighting
  1153 | D        | Killed an orc knight
  1163 | D        | Noticed a soul eater
  1163 | D        | Killed an orc high priest
  1194 | D        | Noticed an orc high priest
  1209 | D        | Killed an orc high priest
  1209 | D        | Reached skill level 20 in Staves
  1213 | D        | Noticed an orc high priest
  1227 | D        | Killed an orc high priest
  1236 | D        | Found Polauw's Assorted Antiques.
  1236 | D        | Noticed an orc knight
  1250 | D        | Killed an orc knight
  1286 | D        | Killed an orc knight
  1286 | D        | Reached XP level 12. HP: 77/118 MP: 12/12
  1303 | D        | Bought a worn lead wand for 100 gold pieces
  1303 | D        | Noticed an orc knight
  1320 | D        | Killed an orc knight
  1330 | D        | Bought a potion of curing for 66 gold pieces
  1330 | D        | Bought a scroll of enchant armour for 165 gold pieces
  1330 | D        | Bought a scroll of blinking for 165 gold pieces
  1330 | D        | Bought a small gilded ring for 110 gold pieces
  1330 | D        | Bought a viscous green potion for 19 gold pieces
  1332 | D        | Bought an uncursed amulet of guardian spirit for 420 gold pieces
  1355 | D        | Noticed Erica
  1367 | D        | Killed Erica
  1412 | D        | Noticed a wolf
  1416 | D        | Killed a wolf
  1417 | D        | Noticed Grum
  1418 | D        | Noticed a wolf
  1429 | D        | Killed Grum
  1434 | D        | Killed a wolf
  1489 | D        | Got the cursed +0 cloak "Wiuho" {Slay+2 SInv}
  1544 | D        | Noticed a hill giant
  1544 | D        | Noticed a salamander stormcaller
  1544 | D        | Noticed a vampire mosquito
  1544 | D        | Noticed a wight
  1544 | D        | Noticed a giant frog
  1544 | D        | Noticed an orc warrior
  1544 | D        | Noticed a vampire mosquito
  1550 | D        | Killed a hill giant
  1551 | D        | Noticed a centaur warrior
  1552 | D        | Noticed an entropy weaver
  1558 | D        | Killed a vampire mosquito
  1560 | D        | Killed a salamander stormcaller
  1562 | D        | Noticed a vampire mage
  1563 | D        | Noticed a deep troll shaman
  1567 | D        | Killed a wight
  1572 | D        | Killed a giant frog
  1573 | D        | Noticed a giant orange brain
  1584 | D        | Killed an orc warrior
  1585 | D        | Noticed a fire dragon
  1595 | D        | Killed a vampire mosquito
  1596 | D        | Noticed a vampire knight
  1607 | D        | Killed a centaur warrior
  1621 | D        | Noticed an ogre mage
  1652 | D        | Killed a vampire knight
  1665 | D        | Killed an entropy weaver
  1703 | D        | Killed a vampire mage
  1726 | D        | Killed a deep troll shaman
  1747 | D        | Killed a fire dragon
  1763 | D        | Killed a giant orange brain
  1777 | D        | Killed an ogre mage
  1874 | D        | Noticed Sonja
  1883 | D        | Killed Sonja
  1946 | D        | Noticed a merfolk impaler
  1946 | D        | Noticed a siren
  1946 | D        | Noticed a sea snake
  1946 | D        | Noticed a merfolk aquamancer
  1946 | D        | Noticed a manticore
  1946 | D        | Noticed a snapping turtle
  1946 | D        | Noticed a griffon
  1947 | D        | Noticed a merfolk impaler
  1957 | D        | Killed a merfolk impaler
  1957 | D        | Reached skill level 15 in Dodging
  1958 | D        | Noticed a merfolk
  1963 | D        | Killed a siren
  1968 | D        | Killed a sea snake
  1975 | D        | Killed a merfolk aquamancer
  1982 | D        | Killed a manticore
  1982 | D        | Reached skill level 15 in Armour
  1982 | D        | Reached XP level 13. HP: 133/133 MP: 13/13
  1990 | D        | Killed a snapping turtle
  1999 | D        | Killed a griffon
  2018 | D        | Killed a merfolk impaler
  2029 | D        | Killed a merfolk
  2034 | D        | Noticed a wolf spider
  2034 | D        | Noticed a wolf spider
  2034 | D        | Noticed a wolf spider
  2034 | D        | Noticed a wasp
  2034 | D        | Noticed a wasp
  2034 | D        | Noticed a trapdoor spider
  2037 | D        | Noticed a wolf spider
  2041 | D        | Killed a wolf spider
  2051 | D        | Killed a wolf spider
  2056 | D        | Killed a wolf spider
  2057 | D        | Noticed a spider
  2061 | D        | Killed a wolf spider
  2065 | D        | Killed a wasp
  2072 | D        | Killed a wasp
  2081 | D        | Killed a trapdoor spider
  2085 | D        | Killed a spider
  2090 | D        | Noticed a trapdoor spider
  2091 | D        | Killed a trapdoor spider
  2093 | D        | Noticed a vampire mosquito
  2093 | D        | Noticed a slime creature
  2093 | D        | Noticed a vampire mosquito
  2093 | D        | Noticed a spiny frog
  2093 | D        | Noticed a four-headed hydra
  2097 | D        | Noticed a shambling mangrove
  2100 | D        | Killed a vampire mosquito
  2108 | D        | Killed a vampire mosquito
  2109 | D        | Noticed a vampire mosquito
  2114 | D        | Killed a slime creature
  2122 | D        | Killed a four-headed hydra
  2128 | D        | Killed a spiny frog
  2151 | D        | Killed a shambling mangrove
  2164 | D        | Killed a vampire mosquito
  2178 | D        | Noticed a naga ritualist
  2178 | D        | Noticed a black mamba
  2178 | D        | Noticed a naga
  2178 | D        | Noticed a greater naga
  2178 | D        | Noticed a shock serpent
  2178 | D        | Noticed a naga
  2178 | D        | Noticed a naga mage
  2179 | D        | Noticed a salamander mystic
  2195 | D        | Killed a naga ritualist
  2196 | D        | Noticed a naga mage
  2215 | D        | Killed a greater naga
  2218 | D        | Killed a black mamba
  2223 | D        | Killed a naga
  2228 | D        | Killed a shock serpent
  2239 | D        | Killed a salamander mystic
  2243 | D        | Killed a naga mage
  2252 | D        | Killed a naga mage
  2256 | D        | Killed a naga
  2319 | D        | Noticed Eustachio
  2321 | D        | Noticed an orc warrior
  2322 | D        | Noticed an orc warrior
  2326 | D        | Killed Eustachio
  2328 | D        | Noticed Saint Roka
  2329 | D        | Noticed an orc warrior
  2333 | D        | Killed an orc warrior
  2339 | D        | Killed an orc warrior
  2370 | D        | Killed Saint Roka
  2370 | D        | Reached skill level 15 in Fighting
  2377 | D        | Killed an orc warrior
  2408 | D        | Noticed a lich
  2408 | D        | Noticed a yaktaur
  2408 | D        | Noticed an ice dragon
  2408 | D        | Noticed a fire dragon
  2408 | D        | Noticed a fire dragon
  2408 | D        | Noticed a tengu conjurer
  2408 | D        | Noticed a flayed ghost
  2413 | D        | Noticed a golden dragon
  2431 | D        | Killed a lich
  2433 | D        | Noticed an ice dragon
  2438 | D        | Killed a yaktaur
  2439 | D        | Noticed a fire dragon
  2453 | D        | Killed an ice dragon
  2466 | D        | Killed a fire dragon
  2468 | D        | Noticed a deep troll earth mage
  2475 | D        | Killed a fire dragon
  2484 | D        | Noticed a deep troll earth mage
  2487 | D        | Killed a golden dragon
  2487 | D        | Gained mutation: You resist negative energy. [Deep Dwarf growth]
  2487 | D        | Reached XP level 14. HP: 142/151 MP: 14/14
  2489 | D        | Killed a tengu conjurer
  2493 | D        | Killed a flayed ghost
  2494 | D        | Noticed a cyan ugly thing
  2496 | D        | Noticed an ice dragon
  2509 | D        | Killed an ice dragon
  2510 | D        | Noticed a fire giant
  2517 | D        | Noticed a stone giant
  2522 | D        | Noticed a giant orange brain
  2523 | D        | Killed a fire dragon
  2528 | D        | Killed a deep troll earth mage
  2536 | D        | Killed a deep troll earth mage
  2537 | D        | Noticed a yaktaur captain
  2545 | D        | Killed a brown ugly thing
  2560 | D        | Killed an ice dragon
  2567 | D        | Killed a fire giant
  2581 | D        | Killed a stone giant
  2599 | D        | Killed a yaktaur captain
  2607 | D        | Killed a giant orange brain
  2640 | D        | Noticed a boggart
  2640 | D        | Noticed an ironbrand convoker
  2640 | D        | Noticed an ironheart preserver
  2640 | D        | Noticed a brown ugly thing
  2640 | D        | Noticed a slime creature
  2640 | D        | Noticed a great orb of eyes
  2640 | D        | Noticed a cyclops
  2643 | D        | Killed a boggart
  2653 | D        | Killed an ironbrand convoker
  2668 | D        | Killed an ironheart preserver
  2670 | D        | Noticed a cyclops
  2676 | D        | Killed a brown ugly thing
  2677 | D        | Noticed a cyclops
  2678 | D        | Noticed a shadow wraith
  2682 | D        | Killed a slime creature
  2683 | D        | Noticed a yaktaur captain
  2687 | D        | Killed a great orb of eyes
  2693 | D        | Killed a cyclops
  2699 | D        | Noticed a freezing wraith
  2703 | D        | Noticed a sphinx
  2716 | D        | Killed a cyclops
  2722 | D        | Killed a cyclops
  2723 | D        | Noticed a yaktaur captain
  2730 | D        | Killed a shadow wraith
  2731 | D        | Noticed a griffon
  2732 | D        | Noticed a vault sentinel
  2740 | D        | Killed a yaktaur captain
  2741 | D        | Noticed a freezing wraith
  2749 | D        | Killed a freezing wraith
  2750 | D        | Noticed a vault sentinel
  2751 | D        | Noticed a yaktaur
  2755 | D        | Noticed a stone giant
  2761 | D        | Killed a sphinx
  2772 | D        | Killed a yaktaur captain
  2779 | D        | Killed a griffon
  2788 | D        | Killed a vault sentinel
  2795 | D        | Killed a freezing wraith
  2802 | D        | Killed a vault sentinel
  2818 | D        | Killed a stone giant
  2818 | D        | Reached skill level 21 in Dodging
  2824 | D        | Killed a yaktaur
  3053 | D        | Noticed Nikola
  3054 | D        | Noticed Louise
  3071 | D        | Killed Nikola
  3079 | D        | Killed Louise
  3100 | D        | Noticed an emperor scorpion
  3100 | D        | Noticed an emperor scorpion
  3100 | D        | Noticed an emperor scorpion
  3100 | D        | Noticed an emperor scorpion
  3100 | D        | Noticed an emperor scorpion
  3100 | D        | Noticed a moth of wrath
  3100 | D        | Noticed a moth of wrath
  3110 | D        | Killed an emperor scorpion
  3132 | D        | Killed an emperor scorpion
  3133 | D        | Noticed an emperor scorpion
  3165 | D        | Killed an emperor scorpion
  3165 | D        | Reached XP level 15. HP: 114/165 MP: 15/15
  3182 | D        | Killed an emperor scorpion
  3183 | D        | Noticed a jumping spider
  3215 | D        | Killed a jumping spider
  3220 | D        | Killed an emperor scorpion
  3220 | D        | Reached skill level 22 in Dodging
  3224 | D        | Killed a moth of wrath
  3230 | D        | Killed a moth of wrath
  3254 | D        | Killed an emperor scorpion
  3260 | D        | Noticed a moth of wrath
  3261 | D        | Noticed an emperor scorpion
  3262 | D        | Noticed an emperor scorpion
  3263 | D        | Noticed a ghost moth
  3274 | D        | Killed a moth of wrath
  3300 | D        | Killed an emperor scorpion
  3325 | D        | Killed an emperor scorpion
  3337 | D        | Killed a ghost moth
  3338 | D        | Got a gossamer rune of Zot
  4241 | D        | Noticed a merfolk aquamancer
  4241 | D        | Noticed a merfolk
  4241 | D        | Noticed a merfolk impaler
  4241 | D        | Noticed a merfolk avatar
  4241 | D        | Noticed a merfolk javelineer
  4241 | D        | Noticed a merfolk impaler
  4241 | D        | Noticed Ilsuiw
  4252 | D        | Killed a merfolk aquamancer
  4252 | D        | Reached skill level 1 in Spellcasting
  4253 | D        | Noticed a merfolk avatar
  4260 | D        | Killed a merfolk
  4260 | D        | Noticed a merfolk aquamancer
  4261 | D        | Noticed a merfolk javelineer
  4277 | D        | Noticed a merfolk avatar
  4277 | D        | Killed a merfolk avatar
  4302 | D        | Killed Ilsuiw
  4306 | D        | Killed a merfolk javelineer
  4313 | D        | Killed a merfolk aquamancer
  4325 | D        | Killed a merfolk impaler
  4327 | D        | Noticed a merfolk javelineer
  4328 | D        | Noticed a merfolk impaler
  4332 | D        | Killed a merfolk avatar
  4338 | D        | Killed a merfolk javelineer
  4353 | D        | Killed a merfolk avatar
  4353 | D        | Reached skill level 23 in Dodging
  4365 | D        | Killed a merfolk javelineer
  4374 | D        | Killed a merfolk impaler
  4374 | D        | Reached skill level 5 in Spellcasting
  4383 | D        | Killed a merfolk impaler
  4388 | D        | Got a barnacled rune of Zot
  4414 | D        | Noticed a guardian serpent
  4414 | D        | Noticed a greater naga
  4414 | D        | Noticed a naga warrior
  4414 | D        | Noticed a naga mage
  4414 | D        | Noticed a naga
  4414 | D        | Noticed a naga warrior
  4414 | D        | Noticed a greater naga
  4425 | D        | Killed a guardian serpent
  4437 | D        | Killed a greater naga
  4444 | D        | Noticed a greater naga
  4447 | D        | Killed a naga warrior
  4455 | D        | Killed a greater naga
  4456 | D        | Noticed a naga
  4466 | D        | Killed a naga warrior
  4467 | D        | Noticed a greater naga
  4469 | D        | Noticed a naga
  4469 | D        | Killed a naga mage
  4473 | D        | Killed a greater naga
  4476 | D        | Killed a naga
  4483 | D        | Killed a greater naga
  4488 | D        | Killed a naga
  4489 | D        | Noticed a greater naga
  4491 | D        | Killed a naga
  4492 | D        | Noticed a greater naga
  4505 | D        | Killed a greater naga
  4517 | D        | Killed a greater naga
  4522 | D        | Got a serpentine rune of Zot
  4553 | D        | Noticed a seven-headed hydra
  4553 | D        | Noticed an eight-headed hydra
  4553 | D        | Noticed a swamp dragon
  4553 | D        | Noticed a seven-headed hydra
  4553 | D        | Noticed a swamp dragon
  4553 | D        | Noticed a four-headed hydra
  4562 | D        | Killed a 14-headed hydra
  4575 | D        | Killed a 19-headed hydra
  4576 | D        | Noticed a swamp dragon
  4586 | D        | Killed a swamp dragon
  4590 | D        | Killed a seven-headed hydra
  4590 | D        | Reached skill level 24 in Dodging
  4591 | D        | Noticed a swamp drake
  4591 | D        | Noticed a swamp dragon
  4599 | D        | Noticed a swamp dragon
  4599 | D        | Killed a swamp dragon
  4604 | D        | Noticed a swamp drake
  4611 | D        | Killed a four-headed hydra
  4616 | D        | Noticed a six-headed hydra
  4616 | D        | Killed a swamp dragon
  4620 | D        | Killed a swamp drake
  4624 | D        | Killed a swamp dragon
  4632 | D        | Killed a swamp dragon
  4638 | D        | Killed a six-headed hydra
  4640 | D        | Killed a swamp drake
  4644 | D        | Got a decaying rune of Zot
  4705 | D        | Noticed Mara
  4706 | D        | Noticed a hell knight
  4707 | D        | Noticed Mennas
  4708 | D        | Noticed Margery
  4710 | D        | Noticed a hell knight
  4720 | D        | Noticed a necromancer
  4727 | D        | Noticed a hell knight
  4730 | D        | Noticed Trafet's illusion
  4745 | D        | Killed a hell knight
  4825 | D        | Killed Mennas
  4825 | D        | Reached XP level 16. HP: 129/182 MP: 0/29
  4843 | D        | Killed Margery
  4843 | D        | Reached skill level 10 in Spellcasting
  4850 | D        | Killed a hell knight
  4856 | D        | Killed a necromancer
  4861 | D        | Killed a hell knight
  4932 | D        | Killed Trafet's illusion
  4937 | D        | Noticed Trafet's illusion
  5030 | D        | Noticed a vault guard
  5030 | D        | Noticed a vault guard
  5030 | D        | Noticed a vault guard
  5030 | D        | Noticed a vault guard
  5030 | D        | Noticed a vault guard
  5030 | D        | Noticed a vault guard
  5030 | D        | Noticed a vault guard
  5042 | D        | Killed a vault guard
  5043 | D        | Noticed a vault guard
  5044 | D        | Noticed a vault guard
  5048 | D        | Killed a vault guard
  5049 | D        | Noticed a vault guard
  5054 | D        | Killed a vault guard
  5054 | D        | Reached skill level 25 in Dodging
  5060 | D        | Killed a vault guard
  5061 | D        | Noticed a vault guard
  5063 | D        | Noticed a vault guard
  5072 | D        | Killed a vault guard
  5080 | D        | Killed a vault guard
  5081 | D        | Noticed a vault guard
  5092 | D        | Killed a vault guard
  5094 | D        | Noticed a vault guard
  5100 | D        | Killed a vault guard
  5105 | D        | Killed a vault guard
  5113 | D        | Killed a vault guard
  5121 | D        | Killed a vault guard
  5122 | D        | Noticed a vault guard
  5132 | D        | Killed a vault guard
  5133 | D        | Noticed a vault guard
  5138 | D        | Killed a vault guard
  5139 | D        | Noticed a vault guard
  5139 | D        | Noticed a vault guard
  5144 | D        | Noticed a vault guard
  5145 | D        | Killed a vault guard
  5150 | D        | Killed a vault guard
  5151 | D        | Noticed a vault guard
  5152 | D        | Noticed a vault guard
  5161 | D        | Killed a vault guard
  5162 | D        | Noticed a vault guard
  5166 | D        | Killed a vault guard
  5168 | D        | Noticed a vault guard
  5172 | D        | Killed a vault guard
  5176 | D        | Killed a vault guard
  5182 | D        | Killed a vault guard
  5200 | D        | Killed a vault guard
  5201 | D        | Noticed a vault guard
  5208 | D        | Killed a vault guard
  5209 | D        | Noticed a vault guard
  5217 | D        | Killed a vault guard
  5221 | D        | Killed a vault guard
  5225 | D        | Killed a vault guard
  5236 | D        | Noticed a shining eye
  5236 | D        | Noticed a hornet
  5236 | D        | Noticed a fire giant
  5236 | D        | Noticed a vault sentinel
  5236 | D        | Noticed an ogre mage
  5236 | D        | Noticed a shadow dragon
  5236 | D        | Noticed an ogre mage
  5236 | D        | Gained mutation: Your magical capacity is low (-10% MP). [a shining eye]
  5237 | D        | Noticed a yaktaur captain
  5240 | D        | Killed a shining eye
  5241 | D        | Noticed an ironbrand convoker
  5256 | D        | Killed a fire giant
  5256 | D        | Reached skill level 26 in Dodging
  5257 | D        | Noticed a hornet
  5262 | D        | Killed a hornet
  5263 | D        | Noticed a salamander stormcaller
  5266 | D        | Killed a vault sentinel
  5267 | D        | Noticed an ironbrand convoker
  5282 | D        | Killed a shadow dragon
  5283 | D        | Noticed a shadow dragon
  5285 | D        | Killed an ogre mage
  5287 | D        | Killed an ogre mage
  5288 | D        | Noticed a shadow dragon
  5289 | D        | Noticed an ironheart preserver
  5298 | D        | Killed a yaktaur captain
  5299 | D        | Noticed an ironbrand convoker
  5304 | D        | Killed an ironbrand convoker
  5304 | D        | Killed an ironheart preserver
  5305 | D        | Noticed a vault sentinel
  5309 | D        | Killed a hornet
  5324 | D        | Killed a salamander stormcaller
  5333 | D        | Killed a shadow dragon
  5344 | D        | Noticed an Orb Guardian
  5344 | D        | Noticed a purple draconian scorcher
  5347 | D        | Noticed a tentacled monstrosity
  5348 | D        | Killed a shadow dragon
  5359 | D        | Killed a purple draconian scorcher
  5364 | D        | Killed an ironbrand convoker
  5370 | D        | Killed an ironbrand convoker
  5380 | D        | Killed a tentacled monstrosity
  5392 | D        | Killed an Orb Guardian
  5392 | D        | Reached XP level 17. HP: 158/196 MP: 0/31
  5405 | D        | Killed a vault sentinel
  5436 | D        | Noticed a freezing wraith
  5436 | D        | Noticed a shadow dragon
  5436 | D        | Noticed a golden dragon
  5436 | D        | Noticed a quicksilver dragon
  5436 | D        | Noticed a shadow dragon
  5436 | D        | Noticed a shadow dragon
  5436 | D        | Noticed a lich
  5463 | D        | Killed a shadow dragon
  5472 | D        | Killed a freezing wraith
  5473 | D        | Noticed a tentacled monstrosity
  5484 | D        | Killed a golden dragon
  5484 | D        | Reached skill level 27 in Dodging
  5502 | D        | Killed a shadow dragon
  5509 | D        | Noticed a Brimstone Fiend
  5523 | D        | Killed a shadow dragon
  5523 | D        | Reached skill level 27 in Armour
  5530 | D        | Killed a tentacled monstrosity
  5531 | D        | Noticed a salamander stormcaller
  5536 | D        | Killed a quicksilver dragon
  5559 | D        | Killed a Brimstone Fiend
  5579 | D        | Killed a lich
  5579 | D        | Reached skill level 15 in Spellcasting
  5587 | D        | Killed a salamander stormcaller
  5653 | D        | Got a silver rune of Zot
  5671 | D        | Noticed Jory
  5685 | D        | Killed Jory
  5757 | D        | Got the ring "Faraitz" {Fire rPois rN+ Dex+9}
  5759 | D        | Got the amulet "Papifuab" {Spirit rF+ rN++}
  5761 | D        | Got a ring "Astroc" {Int+3 Dex+4 SInv Stlth+}
  5763 | D        | Got the amulet of Mizon {-Tele rC++ Regen+}
  5770 | D        | Got the ring "Waopn" {+Fly rElec EV+5 Str+7}
  5817 | D        | Got the +0 pair of gloves of the Evening Star {rC+}
  5833 | D        | Got the +4 plate armour of the Yeti {Int+10}
  5934 | D        | Noticed Xtahua
  5936 | D        | Noticed Norris
  5937 | D        | Noticed Frederick
  5953 | D        | Killed Xtahua
  5954 | D        | Noticed Boris
  5962 | D        | Killed Norris
  5977 | D        | Killed Frederick
  5989 | D        | Killed Boris
  6010 | D        | Noticed a purple ugly thing
  6010 | D        | Noticed a centaur
  6010 | D        | Noticed a hill giant
  6010 | D        | Noticed a hill giant
  6010 | D        | Noticed an efreet
  6017 | D        | Killed a purple ugly thing
  6021 | D        | Killed a hill giant
  6027 | D        | Killed a hill giant
  6028 | D        | Noticed a wyvern
  6032 | D        | Killed a centaur
  6046 | D        | Killed an efreet
  6047 | D        | Killed a wyvern
  6055 | D        | Noticed an ice dragon
  6055 | D        | Noticed a bone dragon
  6055 | D        | Noticed a bone dragon
  6055 | D        | Noticed a white draconian
  6055 | D        | Noticed a fire dragon
  6055 | D        | Noticed a storm dragon
  6055 | D        | Noticed a yellow draconian
  6056 | D        | Noticed a bone dragon
  6072 | D        | Killed a bone dragon
  6072 | D        | Reached skill level 27 in Fighting
  6073 | D        | Noticed a yellow draconian
  6091 | D        | Killed a bone dragon
  6106 | D        | Killed a bone dragon
  6107 | D        | Noticed a red draconian
  6114 | D        | Killed an ice dragon
  6115 | D        | Noticed a white draconian
  6120 | D        | Noticed a red draconian
  6124 | D        | Killed a white draconian
  6133 | D        | Killed a storm dragon
  6139 | D        | Killed a fire dragon
  6143 | D        | Killed a yellow draconian
  6152 | D        | Killed a yellow draconian
  6159 | D        | Killed a red draconian
  6164 | D        | Killed a white draconian
  6177 | D        | Killed a red draconian
  6187 | D        | Noticed a red draconian
  6187 | D        | Noticed a red draconian
  6187 | D        | Noticed a black draconian zealot
  6187 | D        | Noticed a fire dragon
  6187 | D        | Noticed a purple draconian
  6187 | D        | Noticed a red draconian caller
  6196 | D        | Killed a red draconian
  6196 | D        | Reached skill level 10 in Stealth
  6196 | D        | Reached skill level 10 in Evocations
  6210 | D        | Killed a red draconian
  6214 | D        | Killed a black draconian zealot
  6216 | D        | Killed a fire dragon
  6233 | D        | Killed a red draconian caller
  6239 | D        | Killed a purple draconian
  6249 | D        | Noticed a yellow draconian
  6249 | D        | Noticed a yellow draconian
  6249 | D        | Noticed a storm dragon
  6249 | D        | Noticed a death cob
  6249 | D        | Noticed a white draconian caller
  6249 | D        | Noticed a mottled draconian shifter
  6259 | D        | Killed a yellow draconian
  6259 | D        | Gained mutation: You passively map a large area around you. [Deep Dwarf growth]
  6259 | D        | Reached XP level 18. HP: 218/218 MP: 0/33
  6260 | D        | Noticed an ice dragon
  6264 | D        | Killed a yellow draconian
  6277 | D        | Killed a storm dragon
  6285 | D        | Killed a white draconian caller
  6303 | D        | Killed a mottled draconian shifter
  6313 | D        | Killed a death cob
  6318 | D        | Killed an ice dragon
  6332 | D        | Noticed a purple draconian scorcher
  6332 | D        | Noticed a moth of wrath
  6332 | D        | Noticed a golden dragon
  6332 | D        | Noticed a white draconian knight
  6332 | D        | Noticed a white draconian annihilator
  6332 | D        | Noticed a white draconian caller
  6332 | D        | Noticed a moth of wrath
  6333 | D        | Noticed a fire dragon
  6338 | D        | Killed a purple draconian scorcher
  6339 | D        | Noticed a black draconian
  6350 | D        | Killed a golden dragon
  6365 | D        | Killed a white draconian knight
  6371 | D        | Killed a white draconian caller
  6376 | D        | Killed a moth of wrath
  6382 | D        | Killed a white draconian annihilator
  6385 | D        | Killed a moth of wrath
  6392 | D        | Killed a fire dragon
  6398 | D        | Killed a black draconian
  6412 | D        | Noticed a tentacled monstrosity
  6412 | D        | Noticed a purple draconian
  6412 | D        | Noticed a death cob
  6412 | D        | Noticed a white draconian
  6412 | D        | Noticed a moth of wrath
  6412 | D        | Noticed a moth of wrath
  6412 | D        | Noticed a death cob
  6413 | D        | Noticed a green draconian
  6419 | D        | Killed a tentacled monstrosity
  6419 | D        | Reached skill level 15 in Stealth
  6419 | D        | Reached skill level 15 in Evocations
  6420 | D        | Noticed a purple draconian
  6431 | D        | Killed a purple draconian
  6439 | D        | Killed a death cob
  6449 | D        | Killed a white draconian
  6458 | D        | Killed a moth of wrath
  6460 | D        | Killed a moth of wrath
  6463 | D        | Killed a death cob
  6471 | D        | Killed a green draconian
  6476 | D        | Killed a purple draconian
  6563 | D        | Noticed an Orb Guardian
  6563 | D        | Noticed an Orb Guardian
  6563 | D        | Noticed an Orb Guardian
  6563 | D        | Noticed an Orb Guardian
  6563 | D        | Noticed an Orb Guardian
  6563 | D        | Noticed an Orb Guardian
  6564 | D        | Noticed an Orb Guardian
  6565 | D        | Noticed an Orb Guardian
  6569 | D        | Killed an Orb Guardian
  6570 | D        | Noticed an Orb Guardian
  6583 | D        | Killed an Orb Guardian
  6592 | D        | Killed an Orb Guardian
  6598 | D        | Killed an Orb Guardian
  6605 | D        | Killed an Orb Guardian
  6620 | D        | Killed an Orb Guardian
  6631 | D        | Killed an Orb Guardian
  6637 | D        | Killed an Orb Guardian
  6641 | D        | Killed an Orb Guardian
  6644 | D        | Noticed a red draconian zealot
  6644 | D        | Noticed a moth of wrath
  6644 | D        | Noticed an Orb Guardian
  6644 | D        | Noticed an Orb Guardian
  6644 | D        | Noticed a green draconian
  6644 | D        | Noticed a mottled draconian
  6644 | D        | Noticed an Orb Guardian
  6645 | D        | Noticed an Orb Guardian
  6654 | D        | Killed a red draconian zealot
  6664 | D        | Killed an Orb Guardian
  6675 | D        | Killed an Orb Guardian
  6681 | D        | Killed a moth of wrath
  6681 | D        | Reached skill level 27 in Staves
  6691 | D        | Killed a green draconian
  6702 | D        | Killed a mottled draconian
  6708 | D        | Killed an Orb Guardian
  6714 | D        | Killed an Orb Guardian
  6717 | D        | Noticed an ancient lich
  6730 | D        | Killed an ancient lich
  6733 | D        | Noticed an orb of fire
  6743 | D        | Killed an orb of fire
  6743 | D        | Reached XP level 19. HP: 226/226 MP: 0/34
  6745 | D        | Noticed an electric golem
  6747 | D        | Killed an electric golem
  6749 | D        | Noticed an ancient lich
  6749 | D        | Noticed a shadow dragon
  6749 | D        | Noticed a red draconian
  6749 | D        | Noticed a moth of wrath
  6749 | D        | Noticed an Orb Guardian
  6749 | D        | Noticed a golden dragon
  6749 | D        | Noticed an orb of fire
  6750 | D        | Noticed an orb of fire
  6752 | D        | Killed an ancient lich
  6753 | D        | Noticed a green draconian
  6766 | D        | Killed a shadow dragon
  6767 | D        | Noticed a shadow dragon
  6788 | D        | Killed an orb of fire
  6789 | D        | Noticed a green draconian knight
  6796 | D        | Gained mutation: You are clumsy. (Dex -2) [an orb of fire]
  6798 | D        | Killed an orb of fire
  6799 | D        | Noticed an electric golem
  6807 | D        | Killed a red draconian
  6813 | D        | Killed an Orb Guardian
  6813 | D        | Reached skill level 27 in Stealth
  6813 | D        | Reached skill level 27 in Evocations
  6813 | D        | Reached skill level 1 in Invocations
  6814 | D        | Noticed an Orb Guardian
  6816 | D        | Noticed a shadow dragon
  6828 | D        | Killed a golden dragon
  6831 | D        | Killed a moth of wrath
  6831 | D        | Reached skill level 5 in Invocations
  6841 | D        | Killed an electric golem
  6841 | D        | Reached skill level 5 in Throwing
  6847 | D        | Killed a green draconian
  6858 | D        | Killed a shadow dragon
  6858 | D        | Reached skill level 5 in Unarmed Combat
  6865 | D        | Killed a green draconian knight
  6871 | D        | Killed an Orb Guardian
  6892 | D        | Killed a shadow dragon
  6901 | D        | Noticed an Orb Guardian
  6901 | D        | Noticed an Orb Guardian
  6901 | D        | Noticed an Orb Guardian
  6901 | D        | Noticed an Orb Guardian
  6901 | D        | Noticed an Orb Guardian
  6901 | D        | Noticed an Orb Guardian
  6901 | D        | Noticed a moth of wrath
  6902 | D        | Noticed an Orb Guardian
  6903 | D        | Killed an Orb Guardian
  6903 | D        | Reached skill level 10 in Invocations
  6904 | D        | Noticed an Orb Guardian
  6910 | D        | Killed an Orb Guardian
  6914 | D        | Killed an Orb Guardian
  6915 | D        | Noticed an Orb Guardian
  6922 | D        | Killed an Orb Guardian
  6925 | D        | Killed an Orb Guardian
  6926 | D        | Noticed an Orb Guardian
  6945 | D        | Killed an Orb Guardian
  6950 | D        | Killed an Orb Guardian
  6950 | D        | Reached skill level 10 in Throwing
  6957 | D        | Killed an Orb Guardian
  6957 | D        | Reached skill level 10 in Unarmed Combat
  6964 | D        | Killed an Orb Guardian
  6968 | D        | Killed a moth of wrath
  6975 | D        | Killed an Orb Guardian
  6976 | D        | Noticed an Orb Guardian
  6977 | D        | Noticed a moth of wrath
  6978 | D        | Noticed an Orb Guardian
  6995 | D        | Killed an Orb Guardian
  6995 | D        | Reached skill level 15 in Invocations
  7000 | D        | Killed an Orb Guardian
  7009 | D        | Killed a moth of wrath
  7089 | D        | Noticed a vampire knight
  7089 | D        | Noticed a lich
  7089 | D        | Noticed a vampire knight
  7089 | D        | Noticed a vampire knight
  7089 | D        | Noticed an ancient lich
  7089 | D        | Noticed an ancient lich
  7089 | D        | Noticed a vampire knight
  7094 | D        | Killed a vampire knight
  7095 | D        | Noticed a vampire knight
  7105 | D        | Killed a lich
  7107 | D        | Noticed a vampire knight
  7111 | D        | Noticed a vampire knight
  7116 | D        | Killed a vampire knight
  7124 | D        | Killed a vampire knight
  7132 | D        | Killed a vampire knight
  7191 | D        | Got the Orb of Zot
  7238 | D        | Reached XP level 20. HP: 113/236 MP: 0/37
  7516 | D        | Got the +5 triple sword "Nocufur" {slice, MR++}
  7541 | D        | Reached skill level 1 in Long Blades
  7691 | D        | Noticed a seraph
  7708 | D        | Reached skill level 5 in Long Blades
  7743 | D        | Killed a seraph
  7871 | D        | Noticed a seraph
  7939 | D        | Killed a seraph
  7985 | D        | Noticed Zoylam the pandemonium lord
  7997 | D        | Killed Zoylam the pandemonium lord
  8146 | D        | Noticed Ityoqal the pandemonium lord
  8167 | D        | Killed Ityoqal the pandemonium lord
  8170 | D        | Gained mutation: Your mind is acute. (Int +2) [a cacodemon]
  8392 | D        | Reached skill level 15 in Long Blades
  8406 | D        | Noticed Xuluun the pandemonium lord
  8436 | D        | Killed Xuluun the pandemonium lord
  8436 | D        | Reached skill level 10 in Shields
  8492 | D        | Noticed Yfingeu the pandemonium lord
  8520 | D        | Killed Yfingeu the pandemonium lord
  8663 | D        | Noticed Jozen the pandemonium lord
  8681 | D        | Killed Jozen the pandemonium lord
  8681 | D        | Reached XP level 21. HP: 244/244 MP: 0/42
  8733 | D        | Noticed Jocwaxio the pandemonium lord
  8750 | D        | Killed Jocwaxio the pandemonium lord
  8865 | D        | Reached skill level 15 in Shields
  8877 | D        | Noticed Cotuxuef the pandemonium lord
  8900 | D        | Killed Cotuxuef the pandemonium lord
  8948 | D        | Reached skill level 27 in Invocations
  9283 | D        | Noticed a seraph
  9338 | D        | Killed a seraph
  9432 | D        | Noticed Geam the pandemonium lord
  9449 | D        | Killed Geam the pandemonium lord
  9469 | D        | Noticed Omuyloub the pandemonium lord
  9499 | D        | Killed Omuyloub the pandemonium lord
  9648 | D        | Noticed Petac the pandemonium lord
  9661 | D        | Killed Petac the pandemonium lord
  9996 | D        | Escaped with the Orb!

Action                   |  1- 3 |  4- 6 |  7- 9 | 10-12 | 13-15 | 16-18 | 19-21 || total
-------------------------+-------+-------+-------+-------+-------+-------+-------++-------
Melee: Quarterstaff      |    27 |    44 |   127 |   689 |   787 |     5 |       ||  1679
       Lajatang          |       |       |       |       |   469 |  1198 |  1227 ||  2894
Throw: Throwing net      |       |       |       |     1 |       |       |       ||     1
Evoke: Wand              |       |       |       |     1 |     3 |       |     2 ||     6
  Use: Potion            |       |     1 |     1 |     9 |     8 |       |    16 ||    35
       Scroll            |       |       |       |     8 |     5 |    10 |     4 ||    27
 Stab: Sleeping          |       |       |       |       |       |     1 |     4 ||     5
       Distracted        |       |       |       |       |       |       |     5 ||     5
  Eat: Chunk             |       |       |       |     5 |     1 |     7 |       ||    13
       Bread ration      |       |       |       |     1 |     1 |       |     2 ||     4
       Fruit             |       |       |       |       |       |     1 |       ||     1
       Meat ration       |       |       |       |       |       |       |     1 ||     1
